 Dungeon Crawl Stone Soup version 0.24.1-14-gf8d2b509d9 (webtiles) character file.

Game seed: 17148357936498651988, levelgen mode: deterministic

206 Jumperg the Shooter (level 5, 0/40 HPs)
             Began as a Centaur Arcane Marksman on June 19, 2020.
             Slain by a phantom (8 damage)
             ... on level 4 of the Dungeon.
             The game lasted 00:42:07 (3972 turns).

Jumperg the Shooter (Centaur Arcane Marksman)       Turns: 3972, Time: 00:42:08

Health: 0/40       AC: 11    Str: 13    XL:     5   Next: 53%
Magic:  7/8        EV:  9    Int: 12    God:
Gold:   132        SH:  0    Dex: 10    Spells: 6/9 levels left

rFire    . . .     SeeInvis .   w - +0 mace (protect)
rCold    . . .     Gourm    .   (no shield)
rNeg     . . .     Faith    .   e - +0 robe
rPois    .         Spirit   .   (no helmet)
rElec    .         Reflect  .   (no cloak)
rCorr    .         Harm     .   (no gloves)
MR       .....                  (no barding)
Stlth    +.........             (no amulet)
HPRegen  0.13/turn              (no ring)
MPRegen  0.11/turn              (no ring)

@: protection aura, very quick
A: large, hooves 3, deformed body, speed 2, tough skin 3
a: no special abilities


You were on level 4 of the Dungeon.
You were not hungry.

You visited 1 branch of the dungeon, and saw 4 of its levels.

You collected 132 gold pieces.

Inventory:

Hand Weapons
 a - a +0 shortbow
 b - a +0 short sword
 l - a +0 hand axe
 p - a +0 hunting sling
 w - a +0 mace of protection (weapon)
Missiles
 g - 144 stones
 h - 6 boomerangs (quivered)
 m - 11 poisoned darts
 x - 16 sling bullets
 y - an arrow
Armour
 e - a +0 robe (worn)
Jewellery
 o - an uncursed amulet of the acrobat {unknown}
 v - a +2 ring of strength {unknown}
Scrolls
 c - a scroll of teleportation {unknown}
 j - 2 scrolls of magic mapping {unknown}
 q - 3 scrolls of enchant weapon {unknown}
 r - a scroll of identify {unknown}
Potions
 d - a potion of magic {unknown}
 i - a potion of invisibility {unknown}
 k - a potion of flight {unknown}
 n - 2 potions of heal wounds {unknown}
 s - a potion of brilliance {unknown}
 t - 2 potions of haste {unknown}
 u - a potion of resistance {unknown}
Comestibles
 f - 5 rations


   Skills:
 - Level 1.0 Fighting
 + Level 4.9 Bows
 - Level 1.3 Dodging
 + Level 2.5 Spellcasting
 + Level 3.9 Hexes


You had 6 spell levels left.
You knew the following spells:

 Your Spells              Type           Power        Failure   Level  Hunger
a - Corona                Hex            ##.....      4%          1    #......
b - Slow                  Hex            ##......     8%          2    ###....

Your spell library contained the following spells:

 Spells                   Type           Power        Failure   Level  Hunger
 Inner Flame              Hex/Fire       #.......     34%         3    ###....
 Portal Projectile        Hex/Tloc       #.....       34%         3    ###....
 Cause Fear               Hex            ##........   45%         4    #####..
 Leda's Liquefaction      Hex/Erth       #.........   75%         4    #####..


Dungeon Overview and Level Annotations

Branches:
Dungeon (4/15)
 Temple: D:4-7

Altars:
Dithmenos
Gozag
Trog
Vehumet

Annotations:
D:3 3 runed translucent doors, Grinder; pzskc383's ghost, amateur TrIE


Innate Abilities, Weirdness & Mutations

You have hooves in place of feet.
Armour fits poorly on your strangely shaped body.
You cover ground very quickly.
You have extremely tough skin. (AC +3)


Message History

You throw a boomerang.
The boomerang hits the phantom but does no damage.
The phantom is lightly damaged.
The phantom blinks!
Throwing (i - inventory. (/) - cycle)
h - 6 boomerangs (quivered)
Press: ? - help, Shift-Dir - straight line, f/p - phantom
Aim: a phantom (lightly damaged, softly glowing)
You throw a boomerang.
The boomerang barely misses the phantom.
You hit the phantom.
Your weapon exudes an aura of protection.
The phantom is moderately damaged.
The phantom closely misses you. x2
You barely miss the phantom.
The phantom is moderately damaged.
The phantom hits you but does no damage.
You hit the phantom.
The phantom is moderately damaged.
The phantom stops glowing.
The phantom hits you!
You die...

......#...##..........
.....>.................
..####..##....W........
..............##.......
###..#.##...####.>.##.
... ##..#...# #.##### #
##......... #.#
...###.W##.#.##....#
..((...@(.(#.####..#
#.....((......## #
.....(....##...###..##
....(.(...##..........##
...(...(.(###..##.....$.
.########## ##.##.......
#.##..[.... #..#.....
##.#...


You could see a phantom.

Vanquished Creatures
  An orc wizard (D:3)
  A hound (D:3)
  7 adders
  2 oozes (D:1)
  4 worms
  A leopard gecko (D:1)
  5 orcs
  4 giant cockroaches
  8 goblins
  5 hobgoblins
  A quokka (D:2)
  5 bats
  3 frilled lizards
  7 kobolds
  15 rats
69 creatures vanquished.

Notes
Turn   | Place    | Note
-------+----------+-------------------------------------------
     0 | D:1      | Jumperg the Centaur Arcane Marksman began the quest for the
                  | Orb.
     0 | D:1      | Reached XP level 1. HP: 16/16 MP: 2/2
   132 | D:1      | Reached skill level 3 in Bows
   132 | D:1      | Reached XP level 2. HP: 18/23 MP: 1/3
   710 | D:1      | Reached XP level 3. HP: 25/28 MP: 5/5
   865 | D:2      | Found a bloodstained altar of Trog.
  1394 | D:2      | Reached XP level 4. HP: 35/35 MP: 6/6
  1591 | D:2      | Reached skill level 4 in Bows
  2226 | D:3      | Found a radiant altar of Vehumet.
  2301 | D:3      | Found a runed translucent gate.
  2302 | D:3      | Found a runed translucent gate.
  2302 | D:3      | Found an opulent altar of Gozag.
  2306 | D:3      | Found a runed translucent gate.
  2311 | D:3      | Noticed an ogre
  2332 | D:3      | Found a shadowy altar of Dithmenos.
  2338 | D:3      | Noticed pzskc383's ghost (amateur TrIE)
  2439 | D:3      | Noticed Grinder
  2917 | D:3      | Reached XP level 5. HP: 21/40 MP: 5/8
  3444 | D:4      | Learned a level 2 spell: Slow
  3456 | D:4      | Noticed a phantom
  3972 | D:4      | Slain by a phantom

Levels and vault maps discovered:
D:1:      evilmike_arrival_home_sweet_home, layout_rooms
D:2:      layout_basic, lemuel_doored_altar, first_ration,
          kennysheep_generic_room_14
D:3:      layout_basic, vehumet_crystals, ebering_ghost_gozag,
          grunt_dithmenos_smoke_and_mirrors, uniq_grinder
D:4:      layout_rooms, kennysheep_generic_room_15

Skill      XL: |  1  2  3  4 |
---------------+-------------+-----
Bows           | 3 4 |  4.9
Hexes          | 3 |  3.9
Spellcasting   | 2 |  2.5
Fighting       | |  1.0
Dodging        | |  1.3

Action                   |  1- 3 |  4- 6 || total
-------------------------+-------+-------++-------
Melee: Unarmed           |     1 |       ||     1
       Short sword       |    94 |    22 ||   116
       Kick              |    17 |     6 ||    23
       Mace              |       |    32 ||    32
 Fire: Shortbow          |    24 |    80 ||   104
Throw: Stone             |    18 |     9 ||    27
       Dart              |       |     5 ||     5
       Boomerang         |       |    16 ||    16
 Cast: Corona            |    13 |    31 ||    44
  Eat: Chunk             |     1 |     6 ||     7
       Ration            |       |     1 ||     1
Armor: Robe              |    39 |    35 ||    74
Dodge: Dodged            |    45 |    37 ||    82
